Map: [ESL] Altitude

Players

Solar

  • Race: Zerg Zerg
  • Spawn Location: 7:00

Dark - Winner!

  • Race: Zerg Zerg
  • Spawn Location: 1:00

Event: ESL SC2 Masters 2023 Summer (Finals)

VOD

Have the link to the VOD?

Description

Time

  • Played on: June 18, 2023, 5:11 a.m.
  • Length: 13:37

All games in this series

Show
View Real Time Build Order
Export as new Build Order

Solar Zerg 

Build Orders: Hatch First 

Get SALT Encoding   

  12  0:00  Drone  
  13  0:11  Overlord  
  13  0:17  Drone  
  14  0:30  Drone x2  
  16  0:47  Hatchery  
  15  0:51  Drone  
  15  0:55  Drone  
  17  0:58  Drone  
  18  1:08  Extractor  
  17  1:13  Spawning Pool  
  17  1:17  Drone  
  17  1:20  Drone  
  18  1:28  Drone  
  19  1:38  Drone  
  20  1:51  Drone  
  21  2:00  Queen x2, Zergling x2, Overlord  
  26  2:10  Metabolic Boost  
  26  2:14  Drone x2  
  28  2:22  Drone, Zergling x2  
  30  2:36  Hatchery  
  29  2:39  Drone  
  30  2:45  Queen  
  32  2:52  Baneling Nest  
  32  2:53  Drone  
  32  2:58  Overlord  
  32  3:00  Drone  
  32  3:05  Drone  
  34  3:06  Drone  
  34  3:08  Drone  
  36  3:17  Zergling x4  
  36  3:18  Zergling x2  
  40  3:20  Zergling x2  
  40  3:21  Drone  
  40  3:23  Drone  
  40  3:26  Overlord  
  42  3:32  Drone x2  
  44  3:39  Baneling  
  44  3:43  Evolution Chamber  
  44  3:46  Drone x5  
  48  3:49  Drone  
  48  3:50  Zergling x2  
  48  3:54  Overlord  
  50  3:56  Drone  
  50  3:57  Zergling x2  
  50  3:59  Drone  
  50  4:02  Drone  
  54  4:06  Drone  
  54  4:07  Overlord  
  55  4:10  Drone x2  
  55  4:14  Drone, Zergling x2  
  55  4:16  Drone  
  59  4:20  Drone x3  
  59  4:22  Zerg Missile Weapons Level 1  
  62  4:26  Baneling x2  
  62  4:28  Zergling x6  
  65  4:31  Overlord  
  65  4:32  Drone  
  66  4:41  Extractor  
  66  4:42  Extractor  
  66  4:43  Drone x4  
  66  4:44  Baneling x2, Roach Warren  
  67  4:49  Drone  
  67  4:51  Drone  
  67  4:53  Drone x3  
  67  4:55  Drone  
  67  4:58  Overlord  
  67  4:59  Drone x2  
  73  5:04  Lair  
  73  5:07  Overlord  
  73  5:10  Drone  
  73  5:13  Queen  
  76  5:20  Zergling x12  
  77  5:26  Roach x2  
  78  5:30  Drone  
  78  5:34  Drone x2  
  81  5:37  Drone  
  81  5:38  Drone x2  
  81  5:39  Drone  
  84  5:42  Extractor  
  84  5:43  Roach x2  
  84  5:45  Extractor  
  86  5:50  Overlord  
  86  5:51  Pneumatized Carapace  
  86  5:54  Overlord  
  86  5:55  Extractor  
  86  5:56  Drone  
  86  5:58  Roach x2  
  86  6:00  Overlord  
  86  6:02  Roach  
  92  6:06  Glial Reconstitution  
  92  6:07  Overlord  
  92  6:09  Roach  
  94  6:12  Drone x3  
  94  6:13  Drone  
  94  6:16  Overseer  
  94  6:17  Drone  
  99  6:20  Drone  
  100  6:26  Overseer  
  100  6:29  Drone  
  100  6:32  Zerg Missile Weapons Level 2  
  101  6:35  Roach  
  101  6:36  Roach x2  
  101  6:38  Overlord  
  106  6:40  Hatchery  
  106  6:42  Evolution Chamber  
  106  6:45  Roach x4  
  112  6:50  Roach x2  
  112  6:51  Roach  
  118  6:56  Roach x3  
  118  6:58  Overlord  
  124  7:02  Roach x2  
  124  7:06  Baneling x3  
  124  7:07  Baneling  
  128  7:12  Overlord  
  128  7:14  Roach x4  
  136  7:16  Overlord  
  136  7:20  Zerg Ground Armor Level 1  
  136  7:21  Roach x2  
  140  7:27  Roach x2  
  140  7:28  Drone  
  140  7:29  Overlord  
  145  7:31  Drone x2  
  145  7:33  Drone  
  145  7:35  Overlord  
  145  7:36  Drone x2  
  150  7:37  Drone  
  150  7:40  Burrow  
  150  7:42  Tunneling Claws  
  151  7:45  Roach x2  
  151  7:47  Overlord  
  151  7:50  Roach x2  
  159  7:59  Roach x5  
  159  8:02  Extractor, Queen  
  159  8:04  Drone x2  
  172  8:06  Overlord  
  172  8:09  Roach x2  
  174  8:14  Roach x2  
  174  8:15  Roach  
  174  8:17  Roach x2  
  174  8:19  Roach x2  
  188  8:23  Roach x2  
  188  8:24  Roach  
  190  8:28  Roach x3  
  190  8:30  Roach  
  190  8:33  Overseer  
  191  8:34  Overseer  
  191  8:36  Spine Crawler, Overseer  
  191  8:38  Spine Crawler  
  191  8:39  Ravager x4  
  193  8:42  Roach  
  193  8:46  Ravager  
  193  8:48  Roach x2  
  200  8:50  Overseer  
  200  8:59  Queen  
  200  9:04  Infestation Pit  
  200  9:06  Roach x2  
  200  9:07  Roach x2  
  199  9:10  Overlord  
  199  9:11  Overlord  
  199  9:14  Roach x5, Overlord  
  199  9:15  Roach x2  
  199  9:17  Spine Crawler  
  199  9:19  Overlord  
  199  9:21  Hydralisk Den  
  199  9:23  Overlord  
  197  9:25  Zerg Ground Armor Level 2  
  197  9:26  Extractor  
  197  9:31  Roach x2  
  200  9:36  Roach x3  
  199  9:43  Roach  
  199  9:44  Roach  
  199  9:45  Roach  
  199  9:49  Spine Crawler  
  199  9:52  Queen  
  198  9:57  Hive, Muscular Augments  
  198  9:58  Roach, Lurker Den  
  199  10:06  Roach x5  
  199  10:08  Drone  
  198  10:15  Drone  
  198  10:17  Hatchery  
  188  10:23  Hydralisk x3  
  194  10:29  Hydralisk x3  
  200  10:59  Extractor, Drone  
  200  11:01  Extractor  
  197  11:06  Hydralisk x2  
  197  11:09  Grooved Spines  
  198  11:12  Seismic Spines  
  198  11:13  Overlord  
  198  11:22  Viper  
  198  11:24  Viper x2  
  191  11:37  Spine Crawler  
  191  11:39  Spine Crawler  
  189  11:43  Roach x9  
  189  11:44  Hydralisk x5  
  196  12:05  Hydralisk x5  
  196  12:09  Adaptive Talons  
  196  12:14  Drone x3  
  191  12:35  Roach x5, Spine Crawler x2  
  196  12:47  Queen x2  
  196  12:48  Hydralisk x2  
  196  12:55  Hydralisk x5  
  198  13:01  Hydralisk x8  
  198  13:05  Hydralisk x2  
  191  13:06  Swarm Host  
  191  13:08  Hydralisk x12  
  191  13:09  Hydralisk  
  189  13:20  Drone  
Show
View Real Time Build Order
Export as new Build Order

Dark Zerg - Winner!

Build Orders: Hatch First, Lurkers 

Get SALT Encoding   

  12  0:00  Drone  
  13  0:12  Overlord  
  13  0:17  Drone  
  14  0:30  Drone x2  
  16  0:48  Hatchery  
  15  0:52  Drone  
  15  0:55  Drone  
  17  0:58  Drone  
  18  1:11  Extractor  
  17  1:15  Spawning Pool  
  17  1:17  Drone  
  17  1:20  Drone  
  18  1:27  Drone  
  19  1:38  Drone  
  20  1:48  Drone  
  21  2:01  Queen x2  
  21  2:02  Zergling x2  
  21  2:03  Overlord  
  26  2:11  Drone x2  
  28  2:16  Metabolic Boost  
  28  2:23  Drone  
  29  2:33  Hatchery  
  29  2:36  Zergling x2  
  29  2:39  Drone  
  29  2:41  Drone  
  31  2:48  Queen  
  33  2:57  Baneling Nest  
  32  3:01  Overlord  
  32  3:03  Drone  
  34  3:05  Drone  
  34  3:09  Drone  
  34  3:10  Drone  
  36  3:19  Drone x3  
  39  3:20  Drone  
  39  3:24  Overlord  
  41  3:27  Zergling x2  
  41  3:30  Zergling x2  
  41  3:32  Zergling x2  
  43  3:38  Drone  
  43  3:41  Baneling  
  43  3:45  Drone x5  
  48  3:50  Zergling x4  
  48  3:51  Drone  
  48  3:53  Drone  
  52  3:56  Drone x2  
  54  4:03  Roach Warren  
  54  4:05  Evolution Chamber  
  54  4:06  Drone  
  53  4:15  Drone  
  53  4:16  Zergling x8  
  53  4:17  Overlord  
  57  4:21  Overlord  
  57  4:34  Baneling x2  
  57  4:35  Overlord  
  57  4:37  Drone x5  
  62  4:38  Drone x2  
  62  4:41  Lair  
  62  4:44  Roach  
  62  4:45  Extractor x2  
  65  4:47  Drone  
  65  4:50  Drone  
  65  4:51  Roach x2  
  70  4:57  Drone x5  
  75  5:02  Drone  
  75  5:05  Drone  
  77  5:08  Roach  
  77  5:19  Drone x5  
  81  5:24  Drone  
  81  5:26  Extractor x2  
  81  5:27  Drone x2  
  81  5:28  Drone x2  
  79  5:29  Drone  
  79  5:34  Zerg Missile Weapons Level 1  
  78  5:36  Baneling  
  78  5:37  Roach  
  78  5:38  Overlord, Drone  
  81  5:43  Extractor, Overlord x3  
  81  5:49  Overlord  
  80  5:50  Glial Reconstitution  
  80  5:53  Overlord  
  80  5:55  Overlord  
  80  5:56  Overlord  
  80  5:58  Drone x2  
  80  6:02  Roach  
  84  6:05  Roach  
  84  6:06  Overseer  
  86  6:12  Roach x2  
  86  6:14  Drone  
  86  6:15  Roach x7  
  86  6:18  Roach  
  107  6:24  Roach  
  109  6:27  Roach  
  109  6:29  Roach, Overseer  
  109  6:32  Roach  
  115  6:34  Hatchery  
  115  6:38  Roach  
  116  6:44  Roach x2  
  116  6:45  Pneumatized Carapace  
  116  6:46  Roach x5  
  130  6:53  Overlord  
  130  6:57  Evolution Chamber  
  129  7:01  Drone  
  129  7:04  Drone  
  129  7:05  Spore Crawler x2  
  129  7:06  Drone x2  
  129  7:08  Drone, Spore Crawler  
  131  7:09  Drone x2  
  131  7:10  Drone x4  
  131  7:11  Tunneling Claws  
  131  7:14  Roach x3  
  143  7:23  Drone x2  
  143  7:25  Zerg Ground Armor Level 1  
  143  7:27  Overlord x2  
  143  7:28  Burrow  
  145  7:33  Overlord  
  145  7:36  Zerg Missile Weapons Level 2  
  145  7:37  Overlord  
  145  7:38  Overlord  
  145  7:45  Queen  
  145  7:46  Roach x3  
  145  7:48  Roach x2, Ravager x2  
  145  7:49  Ravager x2  
  161  7:55  Roach x2  
  161  7:57  Roach x3  
  171  8:02  Roach  
  171  8:05  Roach x3, Infestation Pit  
  177  8:15  Roach x5  
  177  8:16  Roach  
  189  8:23  Roach  
  191  8:28  Overlord x3  
  182  8:36  Drone x10  
  190  8:44  Hive  
  190  8:48  Hydralisk Den  
  189  8:49  Drone x2  
  189  8:51  Spine Crawler, Ravager  
  189  8:52  Ravager  
  189  8:54  Ravager  
  189  8:55  Ravager x2  
  195  8:57  Extractor  
  195  8:58  Drone  
  195  8:59  Extractor, Drone x2, Spore Crawler  
  195  9:01  Drone  
  196  9:07  Roach x4  
  196  9:08  Spine Crawler  
  196  9:09  Spine Crawler  
  192  9:16  Roach x4  
  192  9:20  Ravager  
  192  9:23  Roach x4  
  193  9:24  Roach x3  
  197  9:34  Grooved Spines  
  197  9:37  Overseer  
  197  9:38  Lurker Den  
  188  9:41  Roach x2  
  188  9:42  Roach  
  188  9:45  Drone x2  
  188  9:46  Overseer  
  182  9:52  Roach  
  182  9:53  Spine Crawler  
  182  9:55  Zerg Ground Armor Level 2  
  182  9:56  Spine Crawler  
  182  9:59  Roach x10  
  200  10:10  Zerg Missile Weapons Level 3  
  196  10:24  Roach x2  
  200  10:33  Roach x5  
  200  10:36  Adaptive Talons  
  200  10:38  Nydus Network  
  200  10:39  Spine Crawler  
  198  10:45  Spore Crawler  
  198  10:46  Spore Crawler  
  196  10:50  Hatchery  
  193  11:02  Hydralisk x2  
  194  11:12  Hydralisk x2  
  194  11:14  Hydralisk  
  198  11:23  Hydralisk x5  
  200  11:33  Roach x5, Seismic Spines  
  198  11:44  Lurker x2  
  200  11:55  Hatchery  
  199  12:05  Lurker x5  
  199  12:08  Hydralisk x6  
  198  12:20  Nydus Canal  
  190  12:26  Hydralisk x4  
  190  12:28  Lurker  
  189  12:31  Lurker x2  
  189  12:32  Hydralisk x4  
  189  12:35  Roach  
  189  12:36  Nydus Canal  
  199  12:51  Nydus Canal  
  199  12:57  Hydralisk  
  188  12:59  Hydralisk  
  188  13:03  Hydralisk x8  
  187  13:06  Hydralisk x2  
  187  13:11  Lurker x2  
  176  13:26  Nydus Canal  
Tags
 
Add a new tag
Caveats
  • Supply blocks, unpowered buildings, or Contaminate may cause inaccurate times.
  • Supply counts are checked every 10 seconds.